[ AOE2 MATCH · #479260915 ]
1v1 RMSicilians vs Gurjaras
Player's team · LOSS
Rival team · WIN
[ REPLAY ANALYSIS · EXTRACTED FROM THE RECORDED GAME ]
Feudal
10:58
Castle
25:25
Imperial
—
| APM avg | 29.6 |
| APM peak | 65 |
| eAPM avg | 15.3 |
| Villagers / military | 63 / 34 |
Focus
⚔️ 25.4% · 🌾 74.6%
Serjeant ×17 · Spearman ×17 · Fishing Ship ×3
Feudal
10:52
Castle
15:22
Imperial
—
| APM avg | 41.2 |
| APM peak | 65 |
| eAPM avg | 19.7 |
| Villagers / military | 54 / 31 |
Focus
⚔️ 30.3% · 🌾 69.7%
Shrivamsha Rider ×12 · Scorpion ×9 · Chakram Thrower ×4 · Camel Scout ×3 · Armored Elephant ×3
Match map
Initial resources + every placement click. Lines = walls · curves = elevation contours. ◆ gold · ⬟ stone · ● berries · ✦ relic · ◌ wall gap
Your base· ✓ Closed at 25:25 · 40t walls · 1 gate(s)
Pill's base· ✓ Closed at 15:22 · 41t walls · 1 gate(s)
Smoothed initial terrain · ◌ = detected wall gap · hover for details
Inputs per minute
— Entrue - - Pill
Build order — Entrue
First 150 of 204 actions detected
| 0:00 | Create | Villager (Male) |
| 0:01 | Create | Villager (Male) |
| 0:01 | Create | Villager (Male) |
| 0:02 | Build | House |
| 0:03 | Build | House |
| 0:31 | Create | Villager (Male) |
| 1:33 | Create | Villager (Male) |
| 2:02 | Build | Lumber Camp |
| 2:07 | Create | Villager (Male) |
| 2:16 | Create | Villager (Male) |
| 2:45 | Create | Villager (Male) |
| 3:06 | Create | Villager (Male) |
| 3:39 | Create | Villager (Male) |
| 3:52 | Build | House |
| 4:10 | Create | Villager (Male) |
| 4:24 | Build | Dock |
| 4:33 | Create | Villager (Male) |
| 5:06 | Create | Villager (Male) |
| 5:11 | Create | Villager (Male) |
| 5:27 | Create | Fishing Ship |
| 6:00 | Create | Villager (Male) |
| 6:07 | Build | House |
| 6:25 | Create | Villager (Male) |
| 6:41 | Create | Fishing Ship |
| 7:04 | Create | Villager (Male) |
| 7:20 | Build | Mill |
| 7:42 | Create | Villager (Male) |
| 7:56 | Build | House |
| 8:16 | Create | Fishing Ship |
| 8:21 | Research | Loom |
| 8:33 | Build | House |
| 8:48 | Research | Feudal Age |
| 9:28 | Build | Palisade Wall |
| 10:05 | Build | Barracks |
| 10:11 | Build | House |
| 10:25 | Build | Barracks |
| 10:32 | Build | Palisade Wall |
| 10:58 | Age | Feudal Age |
| 11:01 | Build | Palisade Wall |
| 11:04 | Build | Palisade Wall |
| 11:07 | Create | Villager (Male) |
| 11:08 | Create | Villager (Male) |
| 11:46 | Build | Donjon |
| 11:54 | Build | Palisade Wall |
| 11:57 | Create | Villager (Male) |
| 12:16 | Build | Blacksmith |
| 12:24 | Create | Villager (Male) |
| 12:35 | Build | House |
| 12:39 | Build | Palisade Wall |
| 12:47 | Create | Villager (Male) |
| 12:54 | Create | Serjeant |
| 13:08 | Create | Villager (Male) |
| 13:12 | Build | House |
| 13:17 | Build | Palisade Wall |
| 13:17 | Build | Palisade Wall |
| 13:20 | Create | Serjeant |
| 13:21 | Create | Serjeant |
| 13:28 | Build | House |
| 13:33 | Build | Palisade Wall |
| 13:37 | Build | Palisade Wall |
| 13:38 | Build | Palisade Wall |
| 13:39 | Create | Villager (Male) |
| 13:43 | Build | House |
| 13:44 | Build | House |
| 13:48 | Build | Farm |
| 13:53 | Build | Farm |
| 13:54 | Build | Farm |
| 13:54 | Build | Farm |
| 13:54 | Build | Farm |
| 13:54 | Build | Farm |
| 14:02 | Create | Villager (Male) |
| 14:05 | Research | Scale Mail Armor |
| 14:15 | Build | Farm |
| 14:23 | Create | Villager (Male) |
| 14:29 | Build | Mining Camp |
| 14:45 | Research | Double-Bit Axe |
| 14:48 | Create | Villager (Male) |
| 14:49 | Create | Serjeant |
| 15:27 | Create | Villager (Male) |
| 15:29 | Build | Farm |
| 15:29 | Build | Farm |
| 15:29 | Build | Farm |
| 15:30 | Build | Farm |
| 15:45 | Create | Spearman |
| 15:49 | Build | House |
| 15:56 | Build | Farm |
| 15:57 | Build | Farm |
| 16:04 | Create | Villager (Male) |
| 16:24 | Build | House |
| 16:29 | Create | Villager (Male) |
| 16:33 | Create | Spearman |
| 16:37 | Create | Spearman |
| 16:54 | Create | Villager (Male) |
| 17:21 | Build | Donjon |
| 17:24 | Create | Villager (Male) |
| 17:24 | Create | Villager (Male) |
| 17:25 | Create | Villager (Male) |
| 17:31 | Create | Serjeant |
| 17:31 | Create | Serjeant |
| 17:41 | Build | Farm |
| 17:45 | Build | Farm |
| 17:46 | Build | Farm |
| 17:46 | Build | Farm |
| 17:46 | Build | Farm |
| 17:46 | Build | Farm |
| 17:51 | Build | Farm |
| 17:53 | Research | Horse Collar |
| 18:19 | Research | Fletching |
| 18:22 | Build | House |
| 18:23 | Build | House |
| 19:01 | Build | Donjon |
| 19:06 | Create | Villager (Male) |
| 19:10 | Create | Serjeant |
| 19:34 | Create | Villager (Male) |
| 19:54 | Build | Donjon |
| 19:59 | Create | Villager (Male) |
| 20:03 | Build | House |
| 20:04 | Build | House |
| 20:05 | Build | House |
| 20:11 | Build | Farm |
| 20:11 | Build | Farm |
| 20:11 | Build | Farm |
| 20:11 | Build | Farm |
| 20:11 | Build | Farm |
| 20:12 | Build | Farm |
| 20:12 | Build | Farm |
| 20:22 | Create | Spearman |
| 20:32 | Create | Villager (Male) |
| 20:50 | Create | Spearman |
| 20:52 | Create | Spearman |
| 20:54 | Create | Villager (Male) |
| 21:19 | Create | Villager (Male) |
| 21:32 | Build | Farm |
| 21:32 | Build | Farm |
| 22:00 | Create | Villager (Male) |
| 22:06 | Build | Market |
| 22:17 | Build | Palisade Gate |
| 22:22 | Build | House |
| 22:35 | Build | House |
| 22:45 | Research | Castle Age |
| 23:00 | Create | Serjeant |
| 23:00 | Create | Serjeant |
| 23:01 | Create | Serjeant |
| 23:01 | Create | Serjeant |
| 23:02 | Create | Serjeant |
| 23:02 | Create | Serjeant |
| 23:16 | Build | Mining Camp |
| 23:30 | Build | Lumber Camp |
| 23:39 | Create | Serjeant |
| 23:39 | Create | Serjeant |
Build order — Pill
First 150 of 164 actions detected
| 0:01 | Create | Villager (Male) |
| 0:01 | Create | Villager (Male) |
| 0:02 | Build | House |
| 0:04 | Build | House |
| 0:39 | Create | Villager (Male) |
| 0:40 | Create | Villager (Male) |
| 1:24 | Build | Mill |
| 1:37 | Create | Villager (Male) |
| 2:15 | Create | Villager (Male) |
| 3:17 | Create | Villager (Male) |
| 3:27 | Build | Lumber Camp |
| 3:29 | Create | Villager (Male) |
| 4:07 | Create | Villager (Male) |
| 4:23 | Create | Villager (Male) |
| 4:41 | Build | House |
| 4:43 | Create | Villager (Male) |
| 4:56 | Create | Villager (Male) |
| 5:42 | Create | Villager (Male) |
| 6:09 | Create | Villager (Male) |
| 6:25 | Build | House |
| 6:33 | Create | Villager (Male) |
| 7:02 | Create | Villager (Male) |
| 7:24 | Create | Villager (Male) |
| 7:36 | Create | Villager (Male) |
| 7:56 | Build | Barracks |
| 7:58 | Research | Loom |
| 8:16 | Research | Feudal Age |
| 8:21 | Build | Mining Camp |
| 8:42 | Build | House |
| 8:44 | Build | Palisade Wall |
| 9:35 | Build | Palisade Wall |
| 10:35 | Build | House |
| 10:37 | Build | Palisade Wall |
| 10:42 | Build | Palisade Wall |
| 10:52 | Age | Feudal Age |
| 10:56 | Build | Palisade Wall |
| 10:57 | Create | Villager (Male) |
| 11:13 | Build | Blacksmith |
| 11:25 | Build | Palisade Wall |
| 11:48 | Build | Stable |
| 11:49 | Build | House |
| 11:59 | Build | Farm |
| 12:13 | Create | Villager (Male) |
| 12:19 | Build | Palisade Wall |
| 12:24 | Build | Palisade Wall |
| 12:42 | Research | Castle Age |
| 13:21 | Build | Stable |
| 13:39 | Build | House |
| 13:41 | Build | Palisade Wall |
| 13:46 | Build | Palisade Gate |
| 13:48 | Create | Villager (Male) |
| 14:55 | Research | Bloodlines |
| 14:59 | Research | Double-Bit Axe |
| 15:22 | Age | Castle Age |
| 15:29 | Build | Town Center |
| 15:32 | Create | Villager (Male) |
| 15:50 | Build | Farm |
| 15:59 | Build | Palisade Wall |
| 16:08 | Create | Villager (Male) |
| 16:08 | Create | Villager (Male) |
| 16:13 | Create | Camel Scout |
| 16:22 | Build | Farm |
| 16:39 | Create | Villager (Male) |
| 16:50 | Build | House |
| 17:20 | Create | Camel Scout |
| 17:24 | Build | Farm |
| 17:34 | Build | Palisade Wall |
| 17:51 | Create | Shrivamsha Rider |
| 18:10 | Create | Villager (Male) |
| 18:13 | Create | Villager (Male) |
| 18:32 | Build | Farm |
| 18:33 | Build | Farm |
| 18:35 | Build | Farm |
| 18:47 | Build | Farm |
| 18:49 | Build | Farm |
| 18:52 | Build | Farm |
| 18:58 | Create | Shrivamsha Rider |
| 19:14 | Create | Camel Scout |
| 19:26 | Create | Shrivamsha Rider |
| 19:26 | Create | Shrivamsha Rider |
| 19:38 | Create | Villager (Male) |
| 19:46 | Create | Villager (Male) |
| 19:48 | Build | Farm |
| 19:51 | Build | Farm |
| 19:53 | Build | Farm |
| 20:03 | Create | Shrivamsha Rider |
| 20:03 | Create | Shrivamsha Rider |
| 20:12 | Build | Farm |
| 20:55 | Build | Farm |
| 21:04 | Build | Mining Camp |
| 21:08 | Create | Shrivamsha Rider |
| 21:12 | Research | Scale Barding Armor |
| 21:35 | Create | Villager (Male) |
| 21:36 | Create | Villager (Male) |
| 21:39 | Create | Villager (Male) |
| 21:40 | Create | Villager (Male) |
| 21:40 | Create | Villager (Male) |
| 22:04 | Build | Siege Workshop |
| 22:19 | Build | House |
| 22:20 | Create | Villager (Male) |
| 22:21 | Create | Villager (Male) |
| 22:28 | Create | Scorpion |
| 22:28 | Create | Scorpion |
| 22:42 | Create | Villager (Male) |
| 22:44 | Create | Villager (Male) |
| 23:00 | Create | Scorpion |
| 23:00 | Create | Scorpion |
| 23:08 | Create | Shrivamsha Rider |
| 23:09 | Create | Shrivamsha Rider |
| 23:19 | Build | Farm |
| 23:20 | Build | Farm |
| 23:40 | Create | Scorpion |
| 24:04 | Create | Scorpion |
| 24:04 | Create | Scorpion |
| 24:58 | Create | Villager (Male) |
| 25:15 | Create | Armored Elephant |
| 25:15 | Create | Armored Elephant |
| 25:33 | Create | Villager (Male) |
| 25:36 | Build | Farm |
| 25:36 | Create | Villager (Male) |
| 25:43 | Build | Town Center |
| 25:53 | Create | Armored Elephant |
| 26:21 | Create | Scorpion |
| 26:21 | Create | Scorpion |
| 26:29 | Create | Villager (Male) |
| 26:30 | Create | Villager (Male) |
| 26:46 | Research | Forging |
| 27:00 | Research | Gold Mining |
| 27:04 | Create | Villager (Male) |
| 27:06 | Create | Villager (Male) |
| 27:10 | Build | Mining Camp |
| 27:25 | Build | House |
| 27:31 | Build | Palisade Gate |
| 27:34 | Create | Villager (Male) |
| 27:35 | Create | Villager (Male) |
| 27:39 | Build | Mill |
| 27:42 | Build | Farm |
| 27:43 | Build | Farm |
| 27:48 | Create | Villager (Male) |
| 27:49 | Create | Villager (Male) |
| 27:49 | Create | Villager (Male) |
| 28:10 | Build | House |
| 28:11 | Build | House |
| 28:11 | Build | House |
| 28:24 | Create | Shrivamsha Rider |
| 28:24 | Create | Shrivamsha Rider |
| 28:24 | Create | Shrivamsha Rider |
| 28:29 | Build | House |
| 28:31 | Create | Villager (Male) |
| 28:42 | Build | Farm |
Match timeline
| 4:24 | Entrue · first_building Dock |
| 7:56 | Pill · first_building Barracks |
| 8:44 | Pill · wall_segment Palisade Wall x3 |
| 9:28 | Entrue · wall_segment Palisade Wall x8 |
| 9:35 | Pill · wall_segment Palisade Wall x5 |
| 10:05 | Entrue · first_building Barracks |
| 10:32 | Entrue · wall_segment Palisade Wall x1 |
| 10:37 | Pill · wall_segment Palisade Wall x6 |
| 10:42 | Pill · wall_segment Palisade Wall x1 |
| 10:52 | Pill · age_up feudal |
| 10:56 | Pill · wall_segment Palisade Wall x3 |
| 10:58 | Entrue · age_up feudal |
| 11:01 | Entrue · wall_segment Palisade Wall x8 |
| 11:04 | Entrue · wall_segment Palisade Wall x5 |
| 11:25 | Pill · wall_segment Palisade Wall x6 |
| 11:46 | Entrue · first_building Donjon |
| 11:48 | Pill · first_building Stable |
| 11:54 | Entrue · wall_segment Palisade Wall x1 |
| 12:19 | Pill · wall_segment Palisade Wall x5 |
| 12:24 | Pill · wall_segment Palisade Wall x8 |
| 12:39 | Entrue · wall_segment Palisade Wall x3 |
| 13:17 | Entrue · wall_segment Palisade Wall x1 |
| 13:17 | Entrue · wall_segment Palisade Wall x1 |
| 13:33 | Entrue · wall_segment Palisade Wall x5 |
| 13:37 | Entrue · wall_segment Palisade Wall x1 |
| 13:38 | Entrue · wall_segment Palisade Wall x8 |
| 13:41 | Pill · wall_segment Palisade Wall x5 |
| 15:22 | Pill · age_up castle |
| 15:59 | Pill · wall_segment Palisade Wall x1 |
| 17:34 | Pill · wall_segment Palisade Wall x1 |
| 22:04 | Pill · first_building Siege Workshop |
| 25:25 | Entrue · age_up castle |
| 27:38 | Entrue · first_building Stable |
| 29:31 | Pill · first_building Castle |
| 29:44 | Entrue · first_market_buy 100 stone |
| 30:01 | Entrue · first_building Castle |
| 31:31 | Entrue · resign |
[ AI ANALYSIS · 1 CREDIT ]
What really happened in this match?
Wolo.gg analyzes every decision: build order, eco, micro, common mistakes by bracket. Personalized analysis on WhatsApp or Discord in 30 seconds.
Civ guide
Sicilians
Map guide
Cenotes
Perfil
Jugador #567068